 Dungeon Crawl Stone Soup version 0.29.1-2-gbd0b4ee654 (webtiles) character file.

Game seed: 7289715121492409800

46 qeuew the Sneak (level 3, 0/25 HPs)
             Began as an Octopode Brigand on Nov 7, 2022.
             Slain by a gnoll
             ... wielding a +0 club
              (7 damage)
             ... on level 2 of the Dungeon.
             The game lasted 00:01:32 (1183 turns).

qeuew the Sneak (Octopode Brigand)                  Turns: 1183, Time: 00:01:33

Health: 0/25       AC:  1    Str: 10    XL:     3   Next: 68%
Magic:  3/3        EV: 17    Int: 13    God:
Gold:   65         SH:  0    Dex: 15    Spells: 2/2 levels left

rFire   . . .      SeeInvis .   a - +2 dagger
rCold   + . .      Faith    .   (no shield)
rNeg    . . .      Spirit   .   (helmet restricted)
rPois   .          Reflect  .   (no amulet)
rElec   .          Harm     .   g - ring of protection from cold
rCorr   .          Rampage  .   k - +4 ring of evasion
Will    .....                   (no ring)
Stlth   ++++......              (no ring)
HPRegen 0.08/turn               (no ring)
MPRegen 0.08/turn               (no ring)
                                (no ring)
                                (no ring)

@: no status effects
A: almost no armour, amphibious, 8 rings, camouflage 1, gelatinous body 1,
(nimble swimmer 1), tentacles
a: no special abilities


You were on level 2 of the Dungeon.
You visited 1 branch of the dungeon, and saw 2 of its levels.

You collected 65 gold pieces.

Inventory:

Hand Weapons
 a - a +2 dagger (weapon)
Missiles
 b - 10 poisoned darts (quivered)
 c - 3 curare-tipped darts
 f - 3 atropa-tipped darts
Jewellery
 g - a ring of protection from cold (left tentacle)
 k - a +4 ring of evasion (right tentacle)
Scrolls
 e - a scroll of teleportation
 h - a scroll of immolation {unknown}
 i - a scroll of identify
Potions
 d - a potion of magic
 j - a potion of curing {unknown}


   Skills:
 + Level 2.4 Fighting
 + Level 2.4 Short Blades
 + Level 2.4 Throwing
 + Level 1.6 Dodging
 + Level 5.7 Stealth


You had 2 spell levels left.
You didn't know any spells.
Your spell library contained the following spells:

 Spells                   Type           Power      Damage    Failure   Level
 Portal Projectile        Hex/Tloc       0%         N/A       67%         3
 Tukima's Dance           Hex            0%         N/A       67%         3
 Blade Hands              Tmut           0%         N/A       100%        5


Dungeon Overview and Level Annotations

Branches:
Dungeon (2/15)

Altars:


Innate Abilities, Weirdness & Mutations

You cannot wear most types of armour.
You are amphibious.
You can wear up to eight rings at the same time.
Your skin changes colour to match your surroundings (Stealth+).
Your rubbery body absorbs attacks. (AC +1, EV +1)
((You are camouflaged when in or above water. (Stealth+)))
You have tentacles for arms and can constrict up to eight enemies at once.


Message History

You kill the ball python!
The bat hits you.
You hit the bat.
You kill the bat!
You hit the ball python. Your grab misses the ball python.
You squeeze the ball python.
You kill the ball python!
The giant cockroach bites you.
Things that are here:
a ball python corpse; a ball python corpse You hit the giant cockroach but do no damage.
You grab the giant cockroach. You constrict the giant cockroach.
The giant cockroach misses you.
You hit the giant cockroach.
You kill the giant cockroach!
You closely miss the rat. You grab the rat. You squeeze the rat.
You kill the rat!
No target in view!
A gnoll comes into view. It is wielding a +0 club.
You throw a poisoned dart. The poisoned dart hits the gnoll.
The gnoll is poisoned.
The gnoll shouts!
You throw a poisoned dart. The poisoned dart hits the gnoll.
The gnoll hits you with a +0 club.
You see here a giant cockroach corpse.
You hit the gnoll but do no damage. Your grab misses the gnoll.
The gnoll is lightly wounded.
The gnoll hits you with a +0 club!
You are too injured to fight recklessly!
You are too injured to fight recklessly!
You are too injured to fight recklessly!
Things that are here:
a ball python corpse; a ball python corpse The gnoll attacks as you move away!
The gnoll hits you with a +0 club.
* * * LOW HITPOINT WARNING * * *
You hit the gnoll but do no damage. You grab the gnoll.
The gnoll is moderately wounded.
You constrict the gnoll, but do no damage.
The gnoll hits you with a +0 club!
You die...

....#......................
####....##.################
###.....##.# ...........#
........#.##
.....#..#..#.##
........#..#...
>.###...#..#.. ##
###...#@#.. .......g#.####
.#.#.##†#....#### ..
#....#.))....# #
#..#.(.S.....g
#..#.#........
......#)###r### ..#....#.#
r. ......#.#.# .


You could see a gnoll (poisoned).

Vanquished Creatures
  A dart slug (D:2)
  6 endoplasms
  4 giant cockroaches
  3 hobgoblins
  5 kobolds
  2 quokkas (D:1)
  8 ball pythons
  2 bats
  A frilled lizard (D:2)
  5 goblins
  5 rats
42 creatures vanquished.

Notes
Turn   | Place    | Note
-------+----------+-------------------------------------------
     0 | D:1      | qeuew the Octopode Brigand began the quest for the Orb.
     0 | D:1      | Reached XP level 1. HP: 14/14 MP: 1/1
   213 | D:1      | Reached XP level 2. HP: 19/19 MP: 2/2
   354 | D:1      | Found a faded altar of an unknown god.
   499 | D:1      | Reached XP level 3. HP: 19/24 MP: 3/3
  1035 | D:2      | Identified the +11 dagger "Kamoruyr" {antimagic, SInv}
  1183 | D:2      | Slain by a gnoll

Illustrated notes

Levels and vault maps discovered:
D:1:      heliophobic_arrival_dark_side_of_the_moon, layout_rooms,
          shapermc_ecumenical_altar_mp_ritualfount, serial_bayou_pond_a,
          minmay_misc_feat_encased, minivault_4
D:2:      minmay_recursive_quarters, layout_rooms

Action                   || total
-------------------------++-------
Melee: Dagger            ||    68
       Constrict         ||    13
       Tentacles         ||    10
Throw: Dart              ||     3
  Use: Scroll            ||     2
 Stab: Sleeping          ||    16
       Distracted        ||     1
Armor: Skin              ||     6
Dodge: Dodged            ||    37
